 Dungeon Sprint DCSS version 0.16-a0-3781-g2316936 (webtiles) character file.

19417 BluebellGnoll the Bringer of Life (level 12, -51/128 HPs)
             Began as a Deep Dwarf Healer on Jan 25, 2015.
             Was the Champion of Elyvilon.
             Killed from afar by Shycataz the pandemonium lord (59 damage)
             ... with a stone arrow
             ... in the Dungeon (Sprint V: "Ziggurat Sprint").
             The game lasted 00:26:26 (731 turns).

BluebellGnoll the Bringer of Life (DDHe)             Turns: 731, Time: 00:26:26

Health: -51/128    AC: 28    Str: 19    XL:     12   Next: 36%
Magic:  22/41      EV:  2    Int: 14    God:    Elyvilon [******]
Gold:   0          SH: 33    Dex: 19    Spells: 0 memorised, 11 levels left

rFire  + + .     SeeInvis .     I - +5 broad axe
rCold  + . .     Clarity  .     o - +15 Maxwell's patent armour {-Cast -Tele rElec MR+ rCorr} (curse)
rNeg   + . .     SustAb   .     p - +18 shield of the gong {rElec rN+ MR+ EV-5}
rPois  +         Gourm    .     (no helmet)
rElec  +         Spirit   .     (no cloak)
rCorr  +         Warding  .     K - +3 pair of gauntlets of War {Slay+5}
rMut   +         NoTele   +     (no boots)
MR     +++..     NoCast   +     N - amulet of resist mutation
Stlth  ..........               T - ring "Threvoz" {rF+ MP+9}
                                n - +6 ring of dexterity

@: resistant, very slightly contaminated, starving, non-regenerating, extremely
resistant to hostile enchantments, extremely unstealthy
A: damage resistance, recharge devices, deformed body, sense surroundings 2,
slow healing 3
a: Device Recharging, Lesser Healing, Lesser Self-Healing, Divine Protection,
Purification, Greater Healing, Greater Self-Healing, Divine Vigour, Renounce
Religion


You were in the Dungeon.
You worshipped Elyvilon.
Elyvilon was exalted by your worship.
You were starving.

You visited 1 branch

Inventory:

Hand weapons
 I - a +5 broad axe (weapon)
Armour
 a - a +1 robe
 o - the cursed +15 Maxwell's patent armour (worn) {-Cast -Tele rElec MR+ rCorr}
   (You found it in the Dungeon)

   It insulates you from electricity.
   It affects your resistance to hostile enchantments.
   It prevents spellcasting.
   It prevents most forms of teleportation.
   It protects you from acid and corrosion.
   It has a curse placed upon it.
 p - the +18 shield of the gong (worn) {rElec rN+ MR+ EV-5}
   (You found it in the Dungeon)

   It affects your evasion (-5).
   It insulates you from electricity.
   It protects you from negative energy.
   It affects your resistance to hostile enchantments.
 H - a +5 gold dragon armour
 K - the +3 pair of gauntlets of War (worn) {Slay+5}
   (You found it in the Dungeon)

   It affects your accuracy and damage with ranged weapons and melee attacks
   (+5).
Magical staves
 m - an uncursed staff of energy
Rods
 O - a +4 rod of ignition (10/10)
   (You took it off a draconian in the Dungeon)
Jewellery
 n - a +6 ring of dexterity (left hand)
 s - a +6 ring of strength
 J - an uncursed ring of fire
 M - an uncursed ring of ice
 N - an amulet of resist mutation (around neck)
 Q - the ring "Qitaakk" {+Inv rPois+ MR+ SInv}
   (You found it in the Dungeon)

   [ring of invisibility]

   It protects you from poison.
   It affects your resistance to hostile enchantments.
   It enhances your eyesight.
   It lets you turn invisible.
 T - the ring "Threvoz" (right hand) {rF+ MP+9}
   (You found it in the Dungeon)

   [ring of magical power]

   It protects you from fire.
   It affects your magic capacity (+9).
 U - an uncursed ring of protection from magic
Magical devices
 d - a wand of heal wounds (5)
 j - a wand of disintegration (7)
 k - a wand of fire (12)
 l - a wand of cold (2)
Scrolls
 i - 4 scrolls of blinking
 t - 4 scrolls of amnesia
 u - a scroll of recharging
 v - 7 scrolls of fog
 w - a scroll of holy word
 x - 5 scrolls of identify
 y - 5 scrolls of remove curse
 z - 2 scrolls of fear
Potions
 b - 11 potions of curing
 c - 11 potions of heal wounds
 e - 5 potions of haste
 g - 7 potions of magic
 h - 2 potions of berserk rage
 A - 2 potions of brilliance
 B - 2 potions of invisibility
 C - 2 potions of restore abilities
 D - 3 potions of resistance
 F - 5 potions of agility
 G - 5 potions of might
Miscellaneous
 E - a lamp of fire (inert)
 L - a plain deck of changes {drawn: 2}
 R - an ornate deck of war {drawn: 1}
 S - a phial of floods
 V - a plain deck of summoning
 W - a plain deck of summoning
 X - a phial of floods
 Y - a stone of tremors (inert)
Comestibles
 f - 6 bread rations
 q - 38 fruits
 r - 4 meat rations
 P - 7 chunks of flesh


   Skills:
 + Level 14.1 Fighting
 - Level 13.1 Axes
 - Level 8.0 Armour
 - Level 2.1 Dodging
 - Level 16.3 Shields
 - Level 20.2 Invocations
 - Level 12.8 Evocations


You had 11 spell levels left.
You didn't know any spells.

Dungeon Overview and Level Annotations

Branches:
Dungeon (1/1)

Altars:
Ashenzari
Cheibriados
Dithmenos
Elyvilon
Fedhas
Gozag
Kikubaaqudgha
Makhleb
Nemelex Xobeh
Okawaru
Qazlal
Ru
Sif Muna
Trog
Vehumet
Xom
Yredelemnul
Zin
The Shining One
Beogh
Jiyva
Lugonu


Innate Abilities, Weirdness & Mutations

You are resistant to damage.
You can recharge devices by infusing magical energy.
You passively map the area around you.
You do not heal naturally.
Armour fits poorly on your strangely shaped body.


Message History

The ten-headed hydra bites you but does no damage. x2
The ten-headed hydra bites you.
* * * LOW HITPOINT WARNING * * *
The ten-headed hydra bites you but does no damage. x2
Unknown command.
Unknown command.
Use which ability? (? or * to list)
Press: ? - help, Dir - move target cursor, f/p - Shat Psu Heal: Shat Psu The light of Elyvilon fails to reach Shat Psu.
You are starving!
You hear some strange, mumbled words.
The wavering orb of destruction weakly hits you!
* * * LOW HITPOINT WARNING * * *
The jumping spider leaps!
The soul eater hits you! Elyvilon protects you from harm! Kysirr hits you.
The jumping spider leaps!
You hear some strange, mumbled words.
The stone arrow hits you!
You die...

, , , )/= , ▓..[..▓... ,
......... ▓.....▓.†† , ,,
, ........... ▓e....▓...
, ▓..*s.....§.▓▓e....▓...
, ,
...*w......*▓ee...▓... ,
, ▓.....s§....▓▓▓▓▓▓▓▓▓▓▓
,
,,▓..▓D.s&4▓..▓5.8©8...▓M
,
,▓...DD{334..▓5.[.)...▓M
, ▓....&@&&4s.▓...|....▓M
, ,
▓▓▓▓▓▓▓▓▓▓▓▓▓........▓. ,
,,▓D...8©8....▓........▓.
▓k.}:[|:|[..▓.▓....▓.▓.
8© ≈,
▓C..)...[[..▓........▓.
≈≈ ≈
,▓C..........▓▓▓▓▓▓▓▓▓▓▓
≈ ≈
≈▓C..........▓d..8©8...▓
, ▓...........▓d.[:.....▓
▓.....))....▓d..[|:...▓


You could see Klubb, Kysirr, Schuz, Shat Psu, an eldritch tentacle, a ten-headed
hydra, 2 four-headed hydras, a soul eater, 2 demonic crawlers, a sun demon, 2
hellwings, a rust devil, a jumping spider and a tarantella.

Vanquished Creatures
  An acid blob (D)
  An eldritch tentacle (D)
  2 death oozes (D)
  A rust devil (D)
  2 draconians (D)
  A yaktaur (D)
  A blue devil (D)
  5 slime creatures (D)
  A ynoxinul (D)
  A fire elemental (D)
  3 redbacks (D)
  2 deep elf fighters (D)
  A centaur (D)
  2 scorpions (D)
  4 jellies (D)
  3 hell rats (D)
  A giant mite (D)
  7 ufetubi (D)
  2 adder zombies (D)
  2 oozes (D)
  A bat zombie (D)
  3 fungi (D)
47 creatures vanquished.

Vanquished Creatures (collateral kills)
  A death ooze (D)
  2 shining eyes (D)
  An eye of devastation (D)
  A slime creature (D)
  An ooze (D)
6 creatures vanquished.

Vanquished Creatures (others)
  An Executioner (D)
  A fire giant (D)
  A blizzard demon (D)
  A hydra (D)
  A hell hog (D)
  A draconian (D)
  2 efreet (D)
  A fire drake (D)
  A tormentor (D)
  A deep elf priest (D)
  2 water elementals (D)
  A fire elemental (D)
  3 fire vortices (D)
  2 two-headed ogres (D)
  A redback (D)
  A spriggan (D)
  A ynoxinul (D)
  2 nagas (D)
  An ice beast (D)
  A black bear (D)
  An adder (D)
  2 ufetubi (D)
  An adder zombie (D)
  A ball python (D)
  35 eldritch tentacle segments (D)
66 creatures vanquished.

Grand Total: 119 creatures vanquished

Notes
Turn   | Place    | Note
--------------------------------------------------------------
     0 | D        | BluebellGnoll, the Deep Dwarf Healer, began the quest for the Orb.
     0 | D        | Reached XP level 1. HP: 16/16 MP: 2/2
     0 | D        | Found a viscous altar of Jiyva.
     0 | D        | Found a corrupted altar of Lugonu.
     0 | D        | Found a white marble altar of Elyvilon.
     2 | D        | Found a sparkling altar of Nemelex Xobeh.
     2 | D        | Found a burning altar of Makhleb.
     3 | D        | Found a deep blue altar of Sif Muna.
     3 | D        | Found a bloodstained altar of Trog.
     7 | D        | Found an iron altar of Okawaru.
    21 | D        | Found a radiant altar of Vehumet.
    22 | D        | Acquired Elyvilon's third power
    29 | D        | Found a basalt altar of Yredelemnul.
    39 | D        | Found a shimmering altar of Xom.
    62 | D        | Reached skill level 8 in Armour
    62 | D        | Reached XP level 2. HP: 24/24 MP: 4/4
    65 | D        | Entered arena 1.
    65 | D        | Noticed a yaktaur
    65 | D        | Noticed a centaur
    75 | D        | Killed a yaktaur
    75 | D        | Reached skill level 12 in Invocations
    75 | D        | Reached XP level 3. HP: 30/30 MP: 1/12
    75 | D        | Reached XP level 4. HP: 37/37 MP: 1/15
    75 | D        | Reached XP level 5. HP: 43/43 MP: 1/18
    75 | D        | Reached XP level 6. HP: 50/50 MP: 1/20
    76 | D        | Killed a centaur
    76 | D        | Reached skill level 13 in Invocations
   171 | D        | Entered arena 2.
   171 | D        | Noticed a scorpion
   171 | D        | Noticed a scorpion
   176 | D        | Killed a scorpion
   179 | D        | Killed a scorpion
   187 | D        | Entered arena 3.
   187 | D        | Noticed a deep elf priest
   187 | D        | Noticed a deep elf mage
   187 | D        | Noticed a deep elf summoner
   187 | D        | Noticed a deep elf death mage
   189 | D        | Pacified a deep elf death mage
   189 | D        | Reached skill level 10 in Shields
   189 | D        | Reached XP level 7. HP: 56/56 MP: 19/22
   190 | D        | Noticed a redback
   190 | D        | Noticed a redback
   190 | D        | Pacified a deep elf priest
   191 | D        | Pacified a deep elf summoner
   191 | D        | Reached XP level 8. HP: 56/63 MP: 15/23
   191 | D        | Acquired Elyvilon's fourth power
   192 | D        | Pacified a deep elf mage
   195 | D        | Killed a redback
   210 | D        | Killed a redback
   226 | D        | Entered arena 4.
   226 | D        | Noticed an iron imp
   227 | D        | Pacified an iron imp
   246 | D        | Entered arena 5.
   246 | D        | Noticed a guardian mummy
   248 | D        | Pacified a guardian mummy
   248 | D        | Reached skill level 14 in Invocations
   284 | D        | Entered arena 6.
   284 | D        | Noticed a spriggan
   284 | D        | Noticed a black bear
   284 | D        | Noticed a spriggan rider
   284 | D        | Noticed a black bear
   284 | D        | Noticed a wolf
   284 | D        | Noticed a wolf
   286 | D        | Pacified a wolf
   287 | D        | Pacified a spriggan rider
   287 | D        | Reached skill level 15 in Invocations
   288 | D        | Pacified a wolf
   288 | D        | Reached skill level 16 in Invocations
   290 | D        | Pacified a black bear
   291 | D        | Pacified a black bear
   294 | D        | Killed a spriggan
   314 | D        | Entered arena 7.
   314 | D        | Noticed a black bear
   314 | D        | Noticed a black bear
   314 | D        | Noticed a spriggan
   314 | D        | Noticed a wolf
   314 | D        | Noticed a black bear
   314 | D        | Noticed a black bear
   316 | D        | Pacified a wolf
   316 | D        | Gained mutation: You passively map the area around you. [level up]
   316 | D        | Reached XP level 9. HP: 60/69 MP: 20/27
   317 | D        | Pacified a black bear
   318 | D        | Pacified a black bear
   319 | D        | Pacified a spriggan
   319 | D        | Reached skill level 17 in Invocations
   320 | D        | Pacified a black bear
   320 | D        | Killed a black bear
   334 | D        | Entered arena 8.
   334 | D        | Noticed a draconian
   334 | D        | Noticed a draconian
   334 | D        | Noticed a yellow draconian
   334 | D        | Noticed a draconian
   334 | D        | Noticed a purple draconian
   334 | D        | Noticed a draconian
   334 | D        | Noticed a yellow draconian
   336 | D        | Pacified a purple draconian
   336 | D        | Reached skill level 18 in Invocations
   337 | D        | Pacified a yellow draconian
   337 | D        | Reached skill level 19 in Invocations
   338 | D        | Pacified a yellow draconian
   338 | D        | Reached skill level 20 in Invocations
   340 | D        | Pacified a draconian
   343 | D        | Killed a draconian
   350 | D        | Killed a draconian
   350 | D        | Reached skill level 5 in Fighting
   350 | D        | Reached XP level 10. HP: 65/88 MP: 13/30
   359 | D        | Killed a draconian
   382 | D        | Got the ring "Qitaakk" {+Inv rPois+ MR+ SInv}
   395 | D        | Entered arena 9.
   395 | D        | Noticed a naga
   395 | D        | Noticed a water moccasin
   395 | D        | Noticed a naga mage
   395 | D        | Noticed a black mamba
   395 | D        | Noticed a naga
   395 | D        | Noticed a water moccasin
   397 | D        | Pacified a naga
   398 | D        | Pacified a black mamba
   398 | D        | Reached skill level 5 in Evocations
   399 | D        | Pacified a water moccasin
   400 | D        | Pacified a water moccasin
   400 | D        | Killed a naga
   402 | D        | Pacified a naga mage
   403 | D        | Killed a naga
   442 | D        | Entered arena 10.
   442 | D        | Noticed a hill giant
   442 | D        | Noticed a two-headed ogre
   442 | D        | Noticed a hill giant
   442 | D        | Noticed an ogre
   442 | D        | Noticed an ogre
   442 | D        | Noticed a cyclops
   442 | D        | Noticed a troll
   442 | D        | Noticed a hill giant
   442 | D        | Noticed a two-headed ogre
   444 | D        | Pacified a cyclops
   445 | D        | Pacified a troll
   446 | D        | Pacified a two-headed ogre
   446 | D        | Killed a two-headed ogre
   447 | D        | Pacified a hill giant
   447 | D        | Reached skill level 10 in Evocations
   448 | D        | Pacified a hill giant
   450 | D        | Pacified a hill giant
   451 | D        | Pacified a two-headed ogre
   451 | D        | Killed a two-headed ogre
   452 | D        | Pacified an ogre
   453 | D        | Pacified an ogre
   471 | D        | Got the ring "Threvoz" {rF+ MP+9}
   490 | D        | Entered arena 11.
   490 | D        | Noticed a slime creature
   490 | D        | Noticed a death ooze
   490 | D        | Noticed a slime creature
   490 | D        | Noticed a great orb of eyes
   490 | D        | Noticed a shining eye
   490 | D        | Noticed a jelly
   491 | D        | Pacified a great orb of eyes
   491 | D        | Gained mutation: Armour fits poorly on your strangely shaped body. [a shining eye]
   494 | D        | Noticed a shining eye
   494 | D        | Killed a shining eye
   495 | D        | Noticed a death ooze
   499 | D        | Killed a shining eye
   502 | D        | Killed a death ooze
   502 | D        | Reached skill level 15 in Shields
   502 | D        | Reached XP level 11. HP: 90/99 MP: 31/31
   505 | D        | Killed a slime creature
   505 | D        | Killed a death ooze
   506 | D        | Killed a slime creature
   506 | D        | Killed a jelly
   527 | D        | Entered arena 12.
   527 | D        | Noticed a deep elf sorcerer
   527 | D        | Noticed a deep elf fighter
   527 | D        | Noticed a deep elf knight
   527 | D        | Noticed a deep elf priest
   527 | D        | Noticed a deep elf fighter
   527 | D        | Noticed a deep elf master archer
   527 | D        | Noticed a deep elf annihilator
   527 | D        | Noticed a deep elf priest
   528 | D        | Pacified a deep elf annihilator
   529 | D        | Pacified a deep elf priest
   530 | D        | Pacified a deep elf sorcerer
   531 | D        | Pacified a deep elf master archer
   532 | D        | Pacified a deep elf knight
   534 | D        | Killed a deep elf priest
   541 | D        | Killed a deep elf fighter
   541 | D        | Reached skill level 10 in Axes
   545 | D        | Killed a deep elf fighter
   561 | D        | Got the amulet "Kluadas" {Spirit MR++ Dex-4}
   592 | D        | Entered arena 13.
   592 | D        | Noticed a jelly
   592 | D        | Noticed a great orb of eyes
   592 | D        | Noticed a slime creature
   595 | D        | Pacified a great orb of eyes
   602 | D        | Noticed a slime creature
   602 | D        | Noticed a jelly
   603 | D        | Noticed an acid blob
   603 | D        | Noticed a death ooze
   603 | D        | Noticed an eye of devastation
   603 | D        | Noticed a slime creature
   603 | D        | Noticed a slime creature
   604 | D        | Noticed a jelly
   604 | D        | Killed a jelly
   605 | D        | Killed a jelly
   606 | D        | Killed a slime creature
   608 | D        | Killed a slime creature
   609 | D        | Killed a jelly
   609 | D        | Killed an acid blob
   610 | D        | Killed a slime creature
   610 | D        | Reached skill level 10 in Fighting
   613 | D        | Killed a death ooze
   613 | D        | Killed an eye of devastation
   615 | D        | Killed a slime creature
   638 | D        | Entered arena 14.
   638 | D        | Noticed a fire vortex
   638 | D        | Noticed a fire vortex
   638 | D        | Noticed a fire giant
   638 | D        | Noticed a hell hog
   638 | D        | Noticed an efreet
   638 | D        | Noticed a fire vortex
   639 | D        | Noticed a fire giant
   639 | D        | Noticed an efreet
   639 | D        | Noticed a fire dragon
   639 | D        | Noticed a fire elemental
   641 | D        | Noticed a fire drake
   642 | D        | Noticed a fire giant
   644 | D        | Pacified a hell hog
   644 | D        | Killed a fire vortex
   645 | D        | Noticed a fire giant
   645 | D        | Pacified an efreet
   646 | D        | Pacified a fire dragon
   646 | D        | Reached XP level 12. HP: 132/168 MP: 39/44
   646 | D        | Killed a fire vortex
   646 | D        | Killed a hell hog
   647 | D        | Pacified a fire giant
   647 | D        | Killed an efreet
   648 | D        | Pacified a fire drake
   650 | D        | Killed a fire vortex
   653 | D        | Pacified a fire giant
   655 | D        | Pacified a fire giant
   657 | D        | Killed an efreet
   659 | D        | Killed a fire giant
   662 | D        | Killed a fire elemental
   697 | D        | Entered arena 15.
   697 | D        | Noticed a blizzard demon
   697 | D        | Noticed a blue devil
   697 | D        | Noticed a tormentor
   698 | D        | Noticed Kysirr the pandemonium lord
   698 | D        | Pacified a tormentor
   699 | D        | Noticed Shycataz the pandemonium lord
   699 | D        | Noticed Klubb the pandemonium lord
   699 | D        | Noticed Schuz the pandemonium lord
   699 | D        | Noticed a ynoxinul
   701 | D        | Noticed an Executioner
   702 | D        | Noticed a rust devil
   702 | D        | Killed a tormentor
   703 | D        | Noticed Shat Psu the pandemonium lord
   704 | D        | Noticed a rust devil
   704 | D        | Noticed a soul eater
   706 | D        | Noticed a ynoxinul
   707 | D        | Noticed an eldritch tentacle
   708 | D        | Noticed a seven-headed hydra
   709 | D        | Noticed an eight-headed hydra
   709 | D        | Pacified a ynoxinul
   710 | D        | Pacified an Executioner
   711 | D        | Killed a ynoxinul
   712 | D        | Noticed an eight-headed hydra
   715 | D        | Pacified a blizzard demon
   716 | D        | Noticed a five-headed hydra
   716 | D        | Killed an Executioner
   717 | D        | Killed a blizzard demon
   720 | D        | Noticed an eight-headed hydra
   721 | D        | Noticed a four-headed hydra
   722 | D        | Elyvilon protects you from harm!
   724 | D        | Killed a rust devil
   724 | D        | Killed an eldritch tentacle
   724 | D        | Killed a ynoxinul
   724 | D        | Killed a blue devil
   725 | D        | Pacified a four-headed hydra
   725 | D        | Killed a four-headed hydra
   727 | D        | Pacified an eight-headed hydra
   727 | D        | Killed a fire drake
   728 | D        | Noticed an eldritch tentacle
   729 | D        | Noticed a four-headed hydra
   730 | D        | Noticed a ten-headed hydra
   731 | D        | Noticed a four-headed hydra
   731 | D        | Elyvilon protects you from harm!
   731 | D        | Killed from afar by Shycataz the pandemonium lord

Action                   |  1- 3 |  4- 6 |  7- 9 | 10-12 || total
-------------------------+-------+-------+-------+-------++-------
Melee: Broad axe         |     4 |     7 |    32 |    48 ||    91
Invok: Lesser Healing    |     3 |       |    21 |     6 ||    30
       Greater Healing   |       |     1 |    13 |    46 ||    60
       Lesser Self-Heali |       |       |       |     7 ||     7
       Divine Protection |       |       |       |     2 ||     2
       Divine Vigour     |       |       |       |     1 ||     1
Evoke: Wand              |     2 |     1 |       |     7 ||    10
       Staff of energy   |       |       |     4 |    15 ||    19
       Deck              |       |       |     1 |     2 ||     3
       Phial of floods   |       |       |       |     2 ||     2
       Lamp of fire (ine |       |       |       |     3 ||     3
       Stone of tremors  |       |       |       |     1 ||     1
  Use: Potion            |     2 |       |       |     2 ||     4
       Scroll            |       |       |       |     2 ||     2
  Eat: Chunk             |       |       |     5 |    14 ||    19
       Fruit             |       |       |     2 |     2 ||     4
       Royal jelly       |       |       |       |     3 ||     3
